cohdb
Replays
Latest Replays
All Replays
Popular Replays
Top Player Replays
Match Explorer
How It Works
Community
CoH3 Stats
Reddit
Sign in to upload your games and track your stats! →
Sign in with Steam
Match 41125360
Unlisted
Match 41125360
Overview
Messages
Build Orders
End
Royal Engineer Section
Construct Section Command Post
Dingo Light Scout Car
Infantry Section
Selects Canadian Shock Battlegroup
Infantry Section
ML 3-inch Mortar Team
Infantry Section
Construct Field Infirmary
Construct Platoon Command Post
Selects Attacking Spirit
Selects Canadian Shock Section
Humber Armored Car
Selects Incendiary Munitions
Canadian Shock Section
6-pounder Anti-tank Gun Team
Selects Pyrotechnics
Infantry Training
Construct Company Command Post
Grenade Package
RtN.momo4sho
.:PSG:. RedxWings
0
0
Comments
sign in to comment!
No comments posted yet!